[Event "Early-Titled-Tuesday-Blitz-February-06-2024"]
[Site "Chess.com"]
[Date "2024.02.06"]
[Round "8"]
[White "Aash20"]
[Black "Roedor"]
[Result "1/2-1/2"]
[WhiteElo "2456"]
[BlackElo "2338"]
[TimeControl "180+1"]
[EndTime "9:25:23 PST"]
[Termination "Game drawn by repetition"]

1. e4 e5 2. Nf3 Nc6 3. Bc4 Bc5 4. c3 Nf6 5. d4 exd4 6. cxd4 Bb4+ 7. Bd2 Bxd2+ 8.
Nbxd2 d5 9. exd5 Nxd5 10. Qb3 Na5 11. Qa4+ Nc6 12. Qb3 Na5 13. Qa4+ Nc6 14. O-O O-O 15. Rac1 Nb6 16. Qc2 Nxd4 17. Nxd4 Qxd4 18. Bd3 h6 19. Nf3 Qf6 20. Qxc7 Qxb2 21. Rc2 Qf6 22. Rfc1 Nd5 23. Qc5 Nf4 24. Be4 Bg4 25. Ne5 Ne2+ 26.
Rxe2 Bxe2 27. Nd7 Qf4 28. Nxf8 Qxe4 29. Nd7 Ba6 30. f3 Qe6 31. Qc8+ Qe8 32. Qxe8+ Rxe8 33. Rc2 Re2 34. Rc8+ Kh7 35. Nf8+ Kg8 36. Ng6+ Kh7 37. Nf8+ Kg8 38. Ng6+ Kh7 39. Nf8+ 1/2-1/2

[Event "Early-Titled-Tuesday-Blitz-February-06-2024"]
[Site "Chess.com"]
[Date "2024.02.06"]
[Round "8"]
[White "HansOnTwitch"]
[Black "AlmasRakhmatullaev"]
[Result "1/2-1/2"]
[WhiteElo "3166"]
[BlackElo "2915"]
[TimeControl "180+1"]
[EndTime "9:25:25 PST"]
[Termination "Game drawn by repetition"]

1. e4 e5 2. Nf3 Nf6 3. Nxe5 Nxe4 4. Qe2 Qe7 5. d4 d6 6. Nd3 Nf6 7. c3 Bf5 8. Nd2 Nbd7 9. f3 O-O-O 10. Qxe7 Bxe7 11.
g4 Bg6 12. Nf4 Rde8 13. Kf2 h6 14. Nxg6 fxg6 15. h4 Rhf8 16. Kg3 d5 17. Nb3 Bd6+ 18. Kg2 Nxg4 19. fxg4 Re4 20. Kh3 Rf3+ 21. Kg2 Rf8 22. Kh3 Rf3+ 23. Kg2 Rf8 1/2-1/2

[Event "Early-Titled-Tuesday-Blitz-February-06-2024"]
[Site "Chess.com"]
[Date "2024.02.06"]
[Round "8"]
[White "SarochaChuemsakul"]
[Black "rikchessmx"]
[Result "1-0"]
[WhiteElo "2436"]
[BlackElo "2314"]
[TimeControl "180+1"]
[EndTime "9:25:32 PST"]
[Termination "SarochaChuemsakul won by resignation"]

1. d4 Nf6 2. c4 e6 3. Nf3 d5 4. cxd5 exd5 5. Nc3 c6 6. Bg5 Nbd7 7. e3 Be7 8. Bd3 O-O 9. O-O Re8 10. Qc2 g6 11. h3 Nh5 12. Bxe7 Qxe7 13. Rab1 a5 14. a3 f5 15. b4 axb4 16. axb4 b5 17. Ne2 Bb7 18.
Nf4 Nhf6 19. Be2 Ne4 20. Nd3 Nb6 21. Ra1 Nc4 22. Nc5 Rf8 23. Bxc4 bxc4 24. Ne5 f4 25. Rxa8 Bxa8 26. Nxe4 dxe4 27. Qxc4+ Kg7 28. Nxc6 Bxc6 29. Qxc6 f3 30. g3 Rf6 31. Qc5 Qd7 32. Kh2 Rf5 33. Qc2 Rh5 34. h4 Rxh4+ 35. gxh4 Qg4 36. Qc7+ Kh6 37. Qg3 Qxg3+ 38. Kxg3 1-0

[Event "Early-Titled-Tuesday-Blitz-February-06-2024"]
[Site "Chess.com"]
[Date "2024.02.06"]
[Round "8"]
[White "Anton_Demchenko"]
[Black "TregubovP"]
[Result "1-0"]
[WhiteElo "2892"]
[BlackElo "2683"]
[TimeControl "180+1"]
[EndTime "9:25:39 PST"]
[Termination "Anton_Demchenko won by resignation"]

1. e4 c5 2. Nc3 e6 3. Nf3 Nc6 4. a4 Nf6 5. Bb5 Qc7 6. O-O Nd4 7. Re1 a6 8. e5 Ng4 9. Nxd4 cxd4 10. Qxg4 dxc3 11.
Bd3 cxb2 12. Bxb2 b6 13. Rab1 Bb7 14. Bd4 h5 15. Qg5 Be7 16. Qxg7 O-O-O 17. Bxb6 Rdg8 18. Qxh8 1-0

[Event "Early-Titled-Tuesday-Blitz-February-06-2024"]
[Site "Chess.com"]
[Date "2024.02.06"]
[Round "8"]
[White "iwanyu"]
[Black "Ural_bogatyr"]
[Result "1-0"]
[WhiteElo "2803"]
[BlackElo "2567"]
[TimeControl "180+1"]
[EndTime "9:25:42 PST"]
[Termination "iwanyu won by resignation"]

1. d4 Nf6 2. c4 e6 3. Nf3 d5 4. g3 Be7 5. Bg2 O-O 6. O-O dxc4 7. Qc2 b5 8. a4 Bb7 9. axb5 a6 10. bxa6 Nxa6 11.
Qxc4 Bd5 12. Qd3 Nb4 13. Rxa8 Qxa8 14. Qa3 Qb7 15. Nc3 Ra8 16. Nxd5 Rxa3 17. Nxe7+ Kf8 18.
bxa3 Kxe7 19. axb4 Qxb4 20. Ne5 Kf8 21. Nc6 Qc3 22. Be3 Nd5 23. Bxd5 exd5 24. Rc1 Qa3 25. Ne5 Qa5 26. Rb1 g6 27. Bh6+ 1-0

[Event "Early-Titled-Tuesday-Blitz-February-06-2024"]
[Site "Chess.com"]
[Date "2024.02.06"]
[Round "8"]
[White "SpongeBob_03"]
[Black "ATM622"]
[Result "0-1"]
[WhiteElo "2217"]
[BlackElo "2444"]
[TimeControl "180+1"]
[EndTime "9:25:44 PST"]
[Termination "ATM622 won by resignation"]

1. e4 c6 2. Nc3 d5 3. Nf3 dxe4 4. Nxe4 Bf5 5. Ng3 Bg4 6. Bc4 Bxf3 7. Qxf3 Nf6 8. c3 Nbd7 9. d4 e6 10. Bg5 Be7 11. O-O O-O 12. Bd3 c5 13. Ne4 cxd4 14.
Rad1 Ne5 15. Nxf6+ Bxf6 16. Qh3 Nxd3 17. Bxf6 Nf4 18.
Bxd8 Nxh3+ 19. gxh3 Rfxd8 20. cxd4 Rd5 21. Rd2 Rad8 22.
Rc1 h6 23. Rc7 R8d7 24. Rc8+ Kh7 25. Rb8 b6 26. Ra8 e5 27. Kf1 exd4 28. Ke2 d3+ 29. Kd1 Rg5 0-1

[Event "Early-Titled-Tuesday-Blitz-February-06-2024"]
[Site "Chess.com"]
[Date "2024.02.06"]
[Round "8"]
[White "annamaja"]
[Black "SharapovEvgeny"]
[Result "0-1"]
[WhiteElo "2382"]
[BlackElo "2535"]
[TimeControl "180+1"]
[EndTime "9:25:49 PST"]
[Termination "SharapovEvgeny won by checkmate"]

1. e4 c5 2. Nf3 d6 3. d4 cxd4 4. Nxd4 Nf6 5. Nc3 Nc6 6. f3 e5 7. Nb3 Be7 8. Be3 O-O 9. Qd2 a5 10. a4 Nb4 11. O-O-O Be6 12. Bb5 d5 13. exd5 Nfxd5 14. Nxd5 Nxd5 15. Qf2 Qc7 16. Bc5 Nb4 17. Bxe7 Qxe7 18.
Nc5 Rac8 19. Nxe6 Qxe6 20. c3 Qa2 21. Bd3 Rxc3+ 22. bxc3 Qxf2 23. cxb4 axb4 24. Rd2 Rc8+ 25. Bc2 Qe3 26. Rd1 b3 27. Kb2 Qc3+ 28. Kc1 Qa1# 0-1

[Event "Early-Titled-Tuesday-Blitz-February-06-2024"]
[Site "Chess.com"]
[Date "2024.02.06"]
[Round "8"]
[White "ItsCheckM8Mate"]
[Black "ChampStan"]
[Result "1-0"]
[WhiteElo "2389"]
[BlackElo "2102"]
[TimeControl "180+1"]
[EndTime "9:25:50 PST"]
[Termination "ItsCheckM8Mate won by resignation"]

1. d4 d5 2. Bf4 Nf6 3. Nc3 e6 4. Nb5 Na6 5. e3 c6 6. Nc3 Bd6 7. Bxd6 Qxd6 8. Bxa6 bxa6 9. Nf3 O-O 10. Na4 Nd7 11. O-O Rb8 12. c3 Nb6 13. Nc5 a5 14.
Re1 Nd7 15. Nxd7 Bxd7 16. Qd2 Rb7 17. Ne5 Rfb8 18. Nd3 Qe7 19. e4 dxe4 20. Rxe4 Rb5 21. Rae1 a4 22. Re5 Rxe5 23. Rxe5 Qd6 24. Ra5 1-0

[Event "Early-Titled-Tuesday-Blitz-February-06-2024"]
[Site "Chess.com"]
[Date "2024.02.06"]
[Round "8"]
[White "AnishOnYoutube"]
[Black "MatthewG-p4p"]
[Result "1-0"]
[WhiteElo "3012"]
[BlackElo "2822"]
[TimeControl "180+1"]
[EndTime "9:25:54 PST"]
[Termination "AnishOnYoutube won by resignation"]

1. Nf3 c5 2. c4 g6 3. Nc3 Bg7 4. g3 Nc6 5. Bg2 d6 6. O-O e6 7. Rb1 Nge7 8. a3 O-O 9. b4 b6 10.
Qb3 Bb7 11. e3 Qd7 12. Bb2 Rac8 13. Rfd1 cxb4 14. axb4 d5 15. cxd5 exd5 16. Ne2 Bxb2 17. Qxb2 Nf5 18. Bh3 d4 19. e4 Qe7 20. d3 Rcd8 21. exf5 Nxb4 22. Bg2 Nc6 23. Nexd4 Nxd4 24. Nxd4 Bxg2 25. Kxg2 Qb7+ 26. Kg1 Qd5 27. Nb5 Rd7 28. fxg6 fxg6 29. Qb3 1-0

[Event "Early-Titled-Tuesday-Blitz-February-06-2024"]
[Site "Chess.com"]
[Date "2024.02.06"]
[Round "8"]
[White "ulises2013"]
[Black "Salem-AR"]
[Result "0-1"]
[WhiteElo "2735"]
[BlackElo "2940"]
[TimeControl "180+1"]
[EndTime "9:25:55 PST"]
[Termination "Salem-AR won by resignation"]

1. e4 e5 2. Nf3 Nc6 3. Bc4 Nf6 4.
d3 h6 5. O-O d6 6. Nc3 Na5 7.
Bb5+ c6 8. Ba4 b5 9. Bb3 Be7 10. d4 Qc7 11. d5 b4 12. Ne2 Nxb3 13. axb3 Nxe4 14. dxc6 Qxc6 15. Be3 O-O 16. Rxa7 Rxa7 17. Bxa7 Bb7 18. Be3 f5 19. Qd3 f4 20. Bd2 Ng5 21.
Nh4 f3 22. gxf3 Rxf3 23. Qc4+ Qxc4 24. bxc4 Nh3+ 25. Kg2 Bxh4 0-1

[Event "Early-Titled-Tuesday-Blitz-February-06-2024"]
[Site "Chess.com"]
[Date "2024.02.06"]
[Round "8"]
[White "Kostya0705"]
[Black "InitiatingASC"]
[Result "1-0"]
[WhiteElo "2603"]
[BlackElo "2425"]
[TimeControl "180+1"]
[EndTime "9:26:00 PST"]
[Termination "Kostya0705 won by resignation"]

1. e4 c5 2. Nf3 Nc6 3. d4 cxd4 4. Nxd4 Nf6 5. Nc3 e5 6. Ndb5 h6 7. Nd6+ Bxd6 8. Qxd6 Qe7 9. Qd1 O-O 10. Be3 d6 11. Be2 Be6 12. O-O Rad8 13. Nd5 Bxd5 14. exd5 Nb4 15. c4 a5 16. Bb6 Ra8 17. a3 Nd7 18.
axb4 Nxb6 19. bxa5 Nd7 20. b4 f5 21. Qb3 Kh8 22.
Rfe1 e4 23. f3 Qe5 24. Kh1 e3 25. Qa4 Rf7 26. Qb5 Nf6 27. Rad1 f4 28. c5 Nh5 29. c6 Rb8 30. Rc1 Qe8 31. c7 1-0

[Event "Early-Titled-Tuesday-Blitz-February-06-2024"]
[Site "Chess.com"]
[Date "2024.02.06"]
[Round "8"]
[White "SergioMoralesG"]
[Black "SoyuzTM4"]
[Result "1-0"]
[WhiteElo "2456"]
[BlackElo "2241"]
[TimeControl "180+1"]
[EndTime "9:26:01 PST"]
[Termination "SergioMoralesG won by resignation"]

1. d4 Nf6 2. c4 g6 3. Nc3 c5 4. d5 d6 5. e4 Bg7 6. Be2 O-O 7. h3 e6 8. Nf3 exd5 9. cxd5 b5 10.
Bxb5 Nxe4 11. Nxe4 Qa5+ 12. Nfd2 Qxb5 13. Qb3 Qa6 14. Qc4 Re8 15. O-O Qxc4 16. Nxc4 Rxe4 17. Nxd6 Rd4 18. Nxc8 Rxd5 19. Ne7+ 1-0

[Event "Early-Titled-Tuesday-Blitz-February-06-2024"]
[Site "Chess.com"]
[Date "2024.02.06"]
[Round "8"]
[White "Akewjon"]
[Black "Payyappat"]
[Result "1-0"]
[WhiteElo "2776"]
[BlackElo "2505"]
[TimeControl "180+1"]
[EndTime "9:26:04 PST"]
[Termination "Akewjon won by resignation"]

1. d4 Nf6 2. c4 c5 3. d5 e6 4. Nc3 exd5 5. cxd5 d6 6. e4 g6 7. f4 Bg7 8. Bb5+ Nfd7 9. Nf3 O-O 10. a4 Na6 11. O-O Nb4 12. Re1 a6 13. Bf1 f5 14. e5 Re8 15. e6 Nf6 16. a5 b5 17. axb6 Qxb6 18. Nd2 Nfxd5 19. Nxd5 Nxd5 20. Nc4 Qc6 21. Na5 Qb6 22. Qxd5 Qb4 23. Be3 Bxe6 24.
Qxd6 Bxb2 25. Nc6 Qc3 26. Bd2 Qf6 27. Rxa6 Rxa6 28. Bxa6 Bd4+ 29. Nxd4 Qxd4+ 30. Qxd4 cxd4 31. Rxe6 Rxe6 32. Bc4 Kf7 33. Kf2 Kf6 34. Bxe6 Kxe6 35. Ke2 Kd5 1-0

[Event "Early-Titled-Tuesday-Blitz-February-06-2024"]
[Site "Chess.com"]
[Date "2024.02.06"]
[Round "8"]
[White "GMAkobianSTL"]
[Black "HATilay"]
[Result "1-0"]
[WhiteElo "2715"]
[BlackElo "2517"]
[TimeControl "180+1"]
[EndTime "9:26:10 PST"]
[Termination "GMAkobianSTL won by checkmate"]

1. d4 Nf6 2. c4 e6 3. Nf3 d5 4. cxd5 exd5 5. Nc3 Nbd7 6. Bg5 c6 7. Qc2 h6 8. Bh4 g5 9. Bg3 Nh5 10. e3 Nxg3 11.
hxg3 Bg7 12. Bd3 Qe7 13. O-O-O Nb6 14. Kb1 Be6 15. Rc1 O-O-O 16. Na4 Kb8 17. Qb3 Qc7 18. Nc5 Bc8 19. Rc3 Qe7 20. Rhc1 h5 21. Ka1 h4 22. gxh4 gxh4 23. Qb4 Rde8 24. Rb3 h3 25. gxh3 Rxh3 26.
Nd2 Rh2 27. a4 Rxf2 28. a5 Na8 29. Na6# 1-0

[Event "Early-Titled-Tuesday-Blitz-February-06-2024"]
[Site "Chess.com"]
[Date "2024.02.06"]
[Round "8"]
[White "Mops_2004"]
[Black "mbojan"]
[Result "0-1"]
[WhiteElo "2673"]
[BlackElo "2876"]
[TimeControl "180+1"]
[EndTime "9:26:21 PST"]
[Termination "mbojan won by resignation"]

1. Nf3 Nf6 2. g3 e6 3. Bg2 d5 4. O-O Bd6 5. d3 O-O 6. Nc3 e5 7. Bg5 c6 8. e4 d4 9. Ne2 c5 10.
Nd2 h6 11. Bxf6 Qxf6 12. f4 Qe7 13. Nc4 Bc7 14. fxe5 Be6 15. Nd6 Nc6 16. Nf5 Qg5 17.
Nf4 Nxe5 18. h4 Qd8 19. Bh3 Bxf5 20. exf5 Qd6 21. Bg2 Rae8 22. Qc1 Ng4 23. Rf3 Ne3 24. Bh3 Qf6 25. Nh5 Qc6 26. Qd2 Qxf3 0-1

[Event "Early-Titled-Tuesday-Blitz-February-06-2024"]
[Site "Chess.com"]
[Date "2024.02.06"]
[Round "8"]
[White "Zhigalko_Sergei"]
[Black "Sattarov_Bobur"]
[Result "0-1"]
[WhiteElo "2938"]
[BlackElo "2803"]
[TimeControl "180+1"]
[EndTime "9:26:24 PST"]
[Termination "Sattarov_Bobur won on time"]

1. e4 e5 2. Nf3 Nc6 3. Bc4 Bc5 4. b4 Bxb4 5. c3 Bd6 6. d4 Qf6 7. O-O h6 8. Re1 Nge7 9. Nbd2 Ng6 10. Bb3 Na5 11.
Nf1 O-O 12. Ne3 c6 13. Bc2 Re8 14. g3 Bc7 15. h4 d6 16. h5 Nf8 17. Rb1 Nh7 18.
Nh4 Ng5 19. Nef5 d5 0-1

[Event "Early-Titled-Tuesday-Blitz-February-06-2024"]
[Site "Chess.com"]
[Date "2024.02.06"]
[Round "8"]
[White "Gravity_Chess"]
[Black "Mikhail_Golubev"]
[Result "1-0"]
[WhiteElo "2858"]
[BlackElo "2652"]
[TimeControl "180+1"]
[EndTime "9:26:25 PST"]
[Termination "Gravity_Chess won by resignation"]

1. c4 g6 2. Nc3 Bg7 3. g3 e5 4. Bg2 d6 5. e3 Nf6 6. Nge2 O-O 7.
b4 a5 8. bxa5 Nc6 9. O-O Nxa5 10.
d3 c6 11. e4 Bd7 12. Rb1 Nh5 13. Be3 c5 14. Nd5 f5 15. exf5 Bxf5 16. Nec3 Be6 17. Qd2 Nc6 18. Rxb7 Nd4 19. Bxd4 cxd4 20. Nb5 Kh8 21.
Ndc7 Bc8 22. Nxa8 Bxb7 23. Bxb7 Qd7 24. Bg2 Nf6 25. Nb6 Qe7 26. Nd5 Nxd5 27. Bxd5 h5 28. Qe2 Kh7 29. Be4 Kh6 30. a4 g5 31. a5 g4 32. a6 1-0

[Event "Early-Titled-Tuesday-Blitz-February-06-2024"]
[Site "Chess.com"]
[Date "2024.02.06"]
[Round "8"]
[White "ozates"]
[Black "FrenchMonster2002"]
[Result "0-1"]
[WhiteElo "2620"]
[BlackElo "2463"]
[TimeControl "180+1"]
[EndTime "9:26:27 PST"]
[Termination "FrenchMonster2002 won by resignation"]

1. e4 e5 2. Nf3 Nf6 3. d4 Nxe4 4.
Bd3 d5 5. Nxe5 Nd7 6. Nc3 Nxe5 7. dxe5 Bb4 8. O-O Nxc3 9. bxc3 Bxc3 10. Rb1 O-O 11.
Bxh7+ Kxh7 12. Qd3+ Kg8 13. Qxc3 a5 14. Qg3 Ra6 15. Bg5 Qd7 16. Rb3 Rg6 17. Qh4 Qf5 18.
Rh3 f6 19. exf6 Qxg5 20. f7+ Kxf7 21. Rf3+ Kg8 22. Rxf8+ Kxf8 23. Qh8+ Kf7 24. g3 Be6 25. Re1 Qd2 26. Rf1 Qxc2 27. f4 Rh6 0-1

[Event "Early-Titled-Tuesday-Blitz-February-06-2024"]
[Site "Chess.com"]
[Date "2024.02.06"]
[Round "8"]
[White "Gennady_Kozlov"]
[Black "Atousa"]
[Result "1-0"]
[WhiteElo "2717"]
[BlackElo "2485"]
[TimeControl "180+1"]
[EndTime "9:26:31 PST"]
[Termination "Gennady_Kozlov won by checkmate"]

1. b3 e5 2. Bb2 Nc6 3. e3 Nf6 4. Bb5 Bd6 5. Ne2 O-O 6. d4 exd4 7. Bxc6 dxc6 8. Qxd4 Bf5 9. Na3 Re8 10. O-O-O Bxa3 11. Bxa3 Qxd4 12. Nxd4 Bg6 13. Rhe1 Ne4 14. f3 Nc3 15. Rd2 c5 16. Bxc5 b6 17. Ba3 c5 18.
Nc6 Rac8 19. Bb2 Nxa2+ 20. Kb1 Rxc6 21. Kxa2 c4 22. bxc4 Rxc4 23. Kb3 Rc5 24. e4 Rb5+ 25. Ka2 f6 26. Red1 Bf7+ 27. Kb1 h5 28. Rd8 Kf8 29.
Kc1 Rxd8 30. Rxd8+ Ke7 31. Ra8 a5 32. Ba3+ Ke6 33.
Ra7 g5 34. Re7# 1-0

[Event "Early-Titled-Tuesday-Blitz-February-06-2024"]
[Site "Chess.com"]
[Date "2024.02.06"]
[Round "8"]
[White "ViIIagra"]
[Black "jcibarra"]
[Result "0-1"]
[WhiteElo "2960"]
[BlackElo "2902"]
[TimeControl "180+1"]
[EndTime "9:26:33 PST"]
[Termination "jcibarra won by resignation"]

1. d4 Nf6 2. Nc3 d5 3. Bf4 c5 4. e3 cxd4 5. exd4 Bg4 6. Be2 Bxe2 7. Ncxe2 e6 8. c3 Nc6 9. Nf3 Bd6 10. O-O O-O 11. Re1 Rc8 12. Qb3 Na5 13. Qc2 Nc4 14. Rad1 b5 15. Qb3 Rb8 16. Ne5 Qc7 17. Nc1 a5 18. Ncd3 b4 19. cxb4 axb4 20. Rc1 Rfc8 21.
Nxc4 Bxf4 22. Ne3 Bxh2+ 23. Kf1 Qa7 24. g3 Qxd4 25. Kg2 Bxg3 26. Rxc8+ Rxc8 27. fxg3 Qe4+ 28. Kg1 Qf3 29. Nf1 Ne4 30. Nxb4 Qf2+ 0-1

[Event "Early-Titled-Tuesday-Blitz-February-06-2024"]
[Site "Chess.com"]
[Date "2024.02.06"]
[Round "8"]
[White "AnaKuchava"]
[Black "Willi_Skibbe"]
[Result "1-0"]
[WhiteElo "2201"]
[BlackElo "2320"]
[TimeControl "180+1"]
[EndTime "9:26:37 PST"]
[Termination "AnaKuchava won by resignation"]

1. d4 d5 2. Nf3 Nf6 3. c4 c6 4.
Qb3 a6 5. Bg5 b5 6. cxd5 cxd5 7.
e3 e6 8. Bd3 Be7 9. O-O O-O 10.
Nc3 Nbd7 11. Rac1 Nb6 12. a4 b4 13. a5 Nc4 14. Na4 Nxa5 15. Qc2 Bd7 16. Bxf6 gxf6 17. Bxh7+ Kg7 18. Bd3 Bxa4 19. Qxa4 Qb6 20. Nd2 Rfc8 21.
Rc2 Rxc2 22. Qxc2 Rc8 23. Qxc8 1-0

[Event "Early-Titled-Tuesday-Blitz-February-06-2024"]
[Site "Chess.com"]
[Date "2024.02.06"]
[Round "8"]
[White "Predo63"]
[Black "CSB7"]
[Result "0-1"]
[WhiteElo "2516"]
[BlackElo "2729"]
[TimeControl "180+1"]
[EndTime "9:26:47 PST"]
[Termination "CSB7 won by resignation"]

1. d4 Nf6 2. Bg5 Ne4 3. Bf4 c5 4. c3 Qb6 5. Qb3 cxd4 6. Qxb6 axb6 7. Bxb8 dxc3 8. Nxc3 Nxc3 9. bxc3 Rxb8 10. a4 e6 11. e3 Bc5 12. Kd2 Ke7 13. Bb5 d6 14. Nf3 Bd7 15. Nd4 Ra8 16. Rhb1 Ra7 17. Kc2 Rha8 18. Kb2 d5 19. Nb3 Bd6 20. Nd4 Be5 21.
f4 Bxd4 22. cxd4 Ra5 23. Bxd7 Kxd7 24. Rc1 Rxa4 25. Rxa4 Rxa4 26. Kb3 b5 27. Rc5 Ra1 28. Rxb5 Rb1+ 29. Ka4 Ra1+ 30. Kb3 Rb1+ 31. Ka4 Rxb5 32. Kxb5 Kc7 33. g4 g6 34. h4 h5 35. g5 b6 36. Kb4 Kb8 37. Ka4 Ka8 38. Kb4 Ka7 39.
Kb5 Kb7 40. Kb4 Ka6 41. Ka4 b5+ 42. Kb4 Kb6 43. Kb3 Ka5 44. Ka3 b4+ 45. Kb3 Kb5 46. Kb2 Kc4 47. Kc2 b3+ 48. Kb2 Kd3 49. Kxb3 Kxe3 50.
Kb4 Kxf4 51. Kc5 Kg4 52. Kd6 Kxh4 53. Ke5 Kxg5 0-1

[Event "Early-Titled-Tuesday-Blitz-February-06-2024"]
[Site "Chess.com"]
[Date "2024.02.06"]
[Round "8"]
[White "JoliyRoger"]
[Black "tarno17"]
[Result "1-0"]
[WhiteElo "2495"]
[BlackElo "2127"]
[TimeControl "180+1"]
[EndTime "9:26:47 PST"]
[Termination "JoliyRoger won on time"]

1. d4 d5 2. c4 e6 3. Nc3 Nf6 4. Bg5 Be7 5. e3 h6 6. Bh4 O-O 7. Nf3 b6 8. Bxf6 Bxf6 9. cxd5 exd5 10. Qb3 Bb7 11. Rd1 a5 12. Bd3 Na6 13. O-O Nb4 14.
Bb1 Qd7 15. a3 Na6 16. Qc2 g6 17. Ba2 Rac8 18. Rfe1 Rfe8 19. h4 c6 20. h5 gxh5 21. Bb1 Qg4 22. Qh7+ Kf8 23. Qxh6+ Bg7 24. Qd6+ Kg8 25. Qh2 Rcd8 26. Nh4 Re6 27. Bf5 Rf6 28. Bxg4 hxg4 29. Qg3 1-0

[Event "Early-Titled-Tuesday-Blitz-February-06-2024"]
[Site "Chess.com"]
[Date "2024.02.06"]
[Round "8"]
[White "CADMartin"]
[Black "FormerProdigy"]
[Result "0-1"]
[WhiteElo "2481"]
[BlackElo "2999"]
[TimeControl "180+1"]
[EndTime "9:26:48 PST"]
[Termination "FormerProdigy won by checkmate"]

1. d4 d5 2. c4 dxc4 3. Nf3 Nf6 4. e3 Bg4 5. Bxc4 e6 6. O-O a6 7.
a4 Nc6 8. Nc3 Bd6 9. Be2 O-O 10.
e4 Bxf3 11. Bxf3 Nxd4 12. Bg5 Be5 13. Qd3 Qd6 14. h3 h6 15. Bxf6 Bxf6 16. Rfd1 Rfd8 17. e5 Nxf3+ 18. Qxf3 Qxe5 19. Qxb7 Rdb8 20. Qc6 Ra7 21.
Re1 Qd6 22. Qf3 Rxb2 23. Ne4 Qe7 24. Rac1 Bd4 25. Re2 Rab7 26. Rcc2 Rxc2 27. Rxc2 Rb1+ 28. Kh2 c5 29. Qd3 Qc7+ 30. g3 Qb7 31. f3 Rh1+ 32.
Kxh1 Qb1+ 33. Kg2 Qg1# 0-1

[Event "Early-Titled-Tuesday-Blitz-February-06-2024"]
[Site "Chess.com"]
[Date "2024.02.06"]
[Round "8"]
[White "Abund"]
[Black "betta2004"]
[Result "1-0"]
[WhiteElo "2745"]
[BlackElo "2535"]
[TimeControl "180+1"]
[EndTime "9:26:49 PST"]
[Termination "Abund won by resignation"]

1. e4 e5 2. Nf3 Nf6 3. Nxe5 Nc6 4.
Nxc6 dxc6 5. d3 Bc5 6. h3 h5 7. g3 Qxd3 8. cxd3 O-O 9. Bg2 Be6 10. O-O Rad8 11. Qe2 Rfe8 12. Be3 Bb4 13. Nc3 Bf8 14. Rad1 a5 15. f4 b5 16. Kh2 b4 17. Na4 Bxa2 18. Ra1 Be6 19. Nc5 Bc8 20. Rxa5 g6 21. f5 Kg7 22.
fxg6 fxg6 23. Bg5 Be7 24. Ra7 Bxc5 25. Bxf6+ Kh7 26. Rxc7+ Rd7 27. Rxc6 Bf8 28. Rfc1 Bb7 29. Rc7 Rxc7 30. Rxc7+ Kg8 31. Rxb7 1-0

[Event "Early-Titled-Tuesday-Blitz-February-06-2024"]
[Site "Chess.com"]
[Date "2024.02.06"]
[Round "8"]
[White "IngOscarArdila"]
[Black "ploxoi"]
[Result "0-1"]
[WhiteElo "2220"]
[BlackElo "2454"]
[TimeControl "180+1"]
[EndTime "9:26:49 PST"]
[Termination "ploxoi won by resignation"]

1. d4 e6 2. c4 d5 3. Nc3 c6 4.
Nf3 dxc4 5. a4 Bb4 6. Bd2 Nf6 7.
e3 b5 8. axb5 Bxc3 9. Bxc3 cxb5 10. Qc2 Bb7 11. Be2 O-O 12. O-O Nbd7 13. b3 cxb3 14.
Qxb3 a6 15. Bb4 Re8 16. Ba5 Qb8 17. Rfc1 Nd5 18. Rc2 Qd6 19. Rac1 Rec8 20. h3 N5b6 21. Bb4 Qd5 22. Qa3 Rxc2 23. Rxc2 Rc8 24. Rxc8+ Bxc8 25. Nd2 Qa8 26. Bf3 Bb7 27. Qc3 Bxf3 28. gxf3 Nd5 29.
Qb2 Qc6 30. e4 Nf4 31. Kh2 e5 32. dxe5 Qg6 0-1

[Event "Early-Titled-Tuesday-Blitz-February-06-2024"]
[Site "Chess.com"]
[Date "2024.02.06"]
[Round "8"]
[White "MAGMAchess02"]
[Black "LeninGuerra"]
[Result "0-1"]
[WhiteElo "2269"]
[BlackElo "2642"]
[TimeControl "180+1"]
[EndTime "9:26:49 PST"]
[Termination "LeninGuerra won on time"]

1. e4 c5 2. Nc3 e6 3. Nf3 b6 4. g3 Bb7 5. Bg2 d6 6. O-O Nd7 7. d4 cxd4 8. Qxd4 a6 9. Bg5 Qc7 10. Rad1 h6 11. Be3 Ngf6 12. Rfe1 Be7 13. h3 O-O 14.
Nd2 Rac8 15. f4 b5 16. a3 Rfd8 17. Kh2 Nf8 18. Bf2 d5 19. e5 Ne4 20. Ndxe4 dxe4 21. Qe3 Rxd1 22. Rxd1 b4 23. axb4 Bxb4 24. Bxe4 Bxe4 25. Qxe4 Bxc3 26. bxc3 Qxc3 27. Kg2 Ng6 28. h4 Ne7 29. Rd6 Nf5 30. Rxa6 Qxc2 31. Qxc2 Rxc2 32.
Ra8+ Kh7 33. Kf3 h5 34. Rd8 Rc3+ 35. Kg2 Nh6 36. Rd7 Kg6 37. Rd6 Ng4 38. Rd8 Rc2 39. Kh3 Rxf2 40. f5+ Rxf5 41. Rg8 Rxe5 42. Rh8 Nf6 43. Rh7 Nxh7 0-1

[Event "Early-Titled-Tuesday-Blitz-February-06-2024"]
[Site "Chess.com"]
[Date "2024.02.06"]
[Round "8"]
[White "mary-sanna"]
[Black "falzehope0"]
[Result "0-1"]
[WhiteElo "2195"]
[BlackElo "2356"]
[TimeControl "180+1"]
[EndTime "9:26:51 PST"]
[Termination "falzehope0 won by checkmate"]

1. d4 e6 2. c4 d5 3. Nf3 c6 4. g3 Bd6 5. Bg2 f5 6. Bf4 Nf6 7. e3 O-O 8. O-O Be7 9. Nc3 Nh5 10.
Ne5 Nxf4 11. gxf4 Nd7 12. Kh1 Nxe5 13. dxe5 Kh8 14. Rg1 b6 15. cxd5 cxd5 16. Nb5 Ba6 17.
Nd4 Qd7 18. Rc1 Rac8 19. Qd2 g5 20. fxg5 Bxg5 21. f4 Be7 22. Bf3 Rg8 23. Rxc8 Qxc8 24. Rxg8+ Qxg8 25. Qg2 Qf7 26. Qh3 Bd3 27. Bh5 Qg8 28. Qg3 Qc8 29. Bf7 Qc1+ 30. Kg2 Qf1# 0-1

[Event "Early-Titled-Tuesday-Blitz-February-06-2024"]
[Site "Chess.com"]
[Date "2024.02.06"]
[Round "8"]
[White "NowInChess"]
[Black "tusplingher"]
[Result "0-1"]
[WhiteElo "2331"]
[BlackElo "2454"]
[TimeControl "180+1"]
[EndTime "9:26:52 PST"]
[Termination "tusplingher won on time"]

1. e4 c5 2. d3 Nc6 3. g3 g6 4. Bg2 Bg7 5. f4 d6 6. Nf3 Nf6 7. O-O O-O 8. Nc3 Bg4 9. h3 Bxf3 10. Qxf3 Rb8 11. a4 a6 12. Kh2 Nd4 13. Qf2 b5 14. axb5 axb5 15. g4 b4 16. Nd1 Nd7 17. Ne3 Ra8 18. Bd2 Rxa1 19. Rxa1 e5 20. f5 Bh6 21. Nd5 Bxd2 22. Qxd2 Nf6 23. Ra8 Qxa8 24. Nxf6+ Kg7 25.
Qg5 Qd8 26. Nh5+ Kh8 27. f6 Ne6 28. Qh6 gxh5 29. gxh5 Rg8 30. Bf3 Qf8 31. Qe3 Nf4 32. Bg4 Qh6 0-1

[Event "Early-Titled-Tuesday-Blitz-February-06-2024"]
[Site "Chess.com"]
[Date "2024.02.06"]
[Round "8"]
[White "GMT4114"]
[Black "tolia123"]
[Result "1-0"]
[WhiteElo "1981"]
[BlackElo "2156"]
[TimeControl "180+1"]
[EndTime "9:26:53 PST"]
[Termination "GMT4114 won by resignation"]

1. e4 c5 2. Nc3 Nc6 3. Bb5 d6 4.
Bxc6+ bxc6 5. d3 g6 6. f4 Bg7 7. Nf3 Bg4 8. O-O e6 9. h3 Bxf3 10. Qxf3 Ne7 11. Bd2 O-O 12. Rae1 d5 13. g4 Rb8 14. b3 Qa5 15. e5 Qc7 16. Re2 Rfd8 17. Rg2 Qb6 18. Na4 Qb5 19. c4 Qa6 20. Bc1 Nc8 21.
Nxc5 Qb6 22. Qf2 dxc4 23. dxc4 Bf8 24. Ne4 Qb4 25. Be3 Rb7 26. Bc5 Bxc5 27. Qxc5 Qxc4 28. Qxc4 1-0